 Dungeon Crawl Stone Soup version 0.21.1-1-g345015f (webtiles) character file.

73 cultivahabas the Poker (level 4, 0/37 HPs)
             Began as a Demonspawn Monk on May 22, 2018.
             Killed from afar by Sigmund (6 damage)
             ... with a magic dart
             ... on level 2 of the Dungeon.
             The game lasted 00:07:52 (2264 turns).

cultivahabas the Poker (Demonspawn Monk)            Turns: 2264, Time: 00:07:53

Health: 0/37       AC:  7    Str: 12    XL:     4   Next: 8%
Magic:  4/4        EV: 13    Int: 11    God:
Gold:   135        SH:  0    Dex: 16    Spells: 3/3 levels left

rFire    . . .     SeeInvis .   a - +0 spear
rCold    . . .     Gourm    .   (no shield)
rNeg     . . .     Faith    .   h - +0 leather armour
rPois    .         Spirit   .   (no helmet)
rElec    .         Reflect  .   (no cloak)
rCorr    .         Harm     .   f - +0 pair of gloves
MR       .....                  (no boots)
Stlth    ++........             (no amulet)
HPRegen  0.12/turn              (no ring)
MPRegen  0.09/turn              (no ring)

@: no status effects
A: hooves 1, icy blue scales 2
a: no special abilities


You were on level 2 of the Dungeon.
You were not hungry.

You visited 1 branch of the dungeon, and saw 2 of its levels.

You collected 135 gold pieces.

Inventory:

Hand Weapons
 a - a +0 spear (weapon)
Armour
 b - a +0 robe
 f - a +0 pair of gloves (worn)
 h - a +0 leather armour (worn)
Scrolls
 d - a scroll of identify
 k - a scroll of remove curse
Potions
 g - a potion of agility {unknown}
 i - a potion of curing
 j - a potion of cancellation {unknown}
Comestibles
 c - 4 rations


   Skills:
 + Level 3.7 Fighting
 * Level 4.0 Polearms
 - Level 2.6 Dodging
 - Level 1.7 Stealth


You had 3 spell levels left.
You didn't know any spells.

Dungeon Overview and Level Annotations

Branches:
Dungeon (2/15)

Altars:

Annotations:
D:2 Sigmund


Innate Abilities, Weirdness & Mutations

You have large cloven feet.
You are mostly covered in icy blue scales. (AC +3)


Message History

You're too confused!
Unknown command.
You feel better. Something hits you. Something burns you. Something hits you!
Something burns you.
A magic dart appears from out of thin air!
The magic dart hits you!
* * * LOW HITPOINT WARNING * * *
Sigmund appears from thin air!
Reactivating autopickup.
Sigmund casts a spell.
Sigmund flickers and vanishes!
Deactivating autopickup; reactivate with Ctrl-A.
Okay, then.
A magic dart appears from out of thin air!
The magic dart hits you!
* * * LOW HITPOINT WARNING * * *
Unknown command.
A magic dart appears from out of thin air!
The magic dart hits you!
You die...

.....#.....#.######...#......#.#.
.....#.....#.##.........##.......
###..#...............##.##...).#.
.....#..........#.##.##.##.#.#.#.
..#..#...............##.##.#.#.#.
..........................[....##
..#..#.#............###.##.#.###
.....#.#.....................#
.....#.#..##....@<.(..#.##.###
...........#.............#.#
.......#...#.............#.#
.......#...#.............#.#
......###..###...........#.#
##.#..###..###...........#.#
#........................#.#
##.#.{##.................#.#
......##........#.##.......#


There were no monsters in sight!

Vanquished Creatures
  2 adders (D:2)
  An ooze (D:1)
  A worm (D:2)
  A leopard gecko (D:1)
  A ball python (D:1)
  2 giant cockroaches
  3 goblins (D:1)
  2 hobgoblins
  7 jackals
  5 kobolds (D:1)
  A quokka (D:2)
  13 bats
  2 frilled lizards (D:2)
  4 rats
45 creatures vanquished.

Notes
Turn   | Place    | Note
-------+----------+-------------------------------------------
     0 | D:1      | cultivahabas the Demonspawn Monk began the quest for the Orb.
     0 | D:1      | Reached XP level 1. HP: 18/18 MP: 1/1
   545 | D:1      | Reached skill level 3 in Polearms
   826 | D:1      | Gained mutation: You are partially covered in icy blue scales. (AC +2) [demonic ancestry]
   826 | D:1      | Reached XP level 2. HP: 16/24 MP: 2/2
  1657 | D:2      | Gained mutation: You are mostly covered in icy blue scales. (AC +3) [demonic ancestry]
  1657 | D:2      | Reached XP level 3. HP: 29/29 MP: 3/3
  2159 | D:2      | Reached skill level 4 in Polearms
  2159 | D:2      | Gained mutation: You have large cloven feet. [demonic ancestry]
  2159 | D:2      | Reached XP level 4. HP: 37/37 MP: 4/4
  2194 | D:2      | Noticed Sigmund
  2264 | D:2      | Killed from afar by Sigmund

Skill      XL: |  1  2  3 |
---------------+----------+-----
Polearms       | 3 4 |  4.0
Fighting       | |  3.7
Dodging        | |  2.6
Stealth        | |  1.7

Action                   |  1- 3 |  4- 6 || total
-------------------------+-------+-------++-------
Melee: Spear             |   190 |     4 ||   194
  Use: Scroll            |       |     4 ||     4
       Potion            |       |     1 ||     1
 Stab: Sleeping          |     3 |       ||     3
  Eat: Chunk             |     4 |       ||     4
Armor: Robe              |     5 |       ||     5
       Ring mail         |     8 |       ||     8
       Leather armour    |    40 |     1 ||    41
Dodge: Dodged            |   106 |       ||   106
